 Dungeon Crawl Stone Soup version 0.30-a0-1124-g6e8f0f562f (webtiles) character file.

Game seed: 16974431005823442745

4502 Twinkles the Grappler (level 10, -2/92 HPs)
             Began as an Armataur Monk on Apr 22, 2023.
             Was a Priest of Elyvilon.
             Slain by a large abomination (32 damage)
             ... on level 2 of the Abyss on Apr 23, 2023.
             The game lasted 00:33:40 (8310 turns).

Twinkles the Grappler (Armataur Monk)               Turns: 8310, Time: 00:33:41

Health: -2/92      AC: 13    Str: 20    XL:     10   Next: 16%
Magic:  9/14       EV: 11    Int: 12    God:    Elyvilon [***...]
Gold:   482        SH:  0    Dex: 24    Spells: 9/9 levels left

rFire   + .          .
                       - Unarmed
rCold   . . .        c - orb {light}
rNeg    . . .        f - +0 ring mail {rF+}
rPois   .            m - +2 helmet
rElec   .            (no cloak)
rCorr   .            H - +2 pair of gloves
SInv    .            (no barding)
Will    .....        (no amulet)
Stlth   +            D - +6 ring of dexterity
HPRegen 0.35/turn    F - +6 ring of dexterity
MPRegen 0.14/turn

%: roll
@: mighty, glowing
A: large, rugged brown scales 3, deformed body, armoured tail, roll, long
tongue, awkward tongue
a: Renounce Religion, Purification, Heal Other, Heal Self


You were on level 2 of the Abyss.
You worshipped Elyvilon.
Elyvilon was most pleased with you.
You visited 2 branches of the dungeon, and saw 10 of its levels.
You visited the Abyss 1 time.

You collected 482 gold pieces.

Inventory:

Armour
 a - a +0 robe
 c - an orb of light (worn)
 f - a +0 ring mail of fire resistance (worn)
 h - a +0 buckler
 j - the +1 robe of the Gloaming {rC- Will+ Str+4 Archmagi}
   (You found it on level 7 of the Dungeon)

   Str:       It affects your strength (+4).
   rC:        It makes you vulnerable to cold.
   Archmagi:  It increases the power of your magical spells.
   Will:      It increases your willpower.
 m - a +2 helmet (worn)
 o - +0 fire dragon scales
 t - a +0 scale mail
 H - a +2 pair of gloves (worn)
Jewellery
 y - an amulet of faith
 z - a ring of poison resistance
 D - a +6 ring of dexterity (left hand)
 E - an amulet of the acrobat
 F - a +6 ring of dexterity (right hand)
Wands
 d - a wand of digging (6)
 q - a wand of flame (14)
Scrolls
 b - 2 scrolls of poison {unknown}
 e - 3 scrolls of fog {unknown}
 g - a scroll of summoning {unknown}
 i - a scroll of enchant armour {unknown}
 l - a scroll of enchant weapon {unknown}
 p - 3 scrolls of magic mapping {unknown}
 r - 2 scrolls of fear {unknown}
 s - 2 scrolls of brand weapon {unknown}
 x - a scroll of amnesia {unknown}
Potions
 v - a potion of heal wounds {unknown}
 A - 4 potions of attraction
 B - a potion of brilliance
 C - 2 potions of cancellation
 G - a potion of ambrosia
 I - 2 potions of invisibility
 J - 6 potions of curing
 M - a potion of might
 P - 3 potions of lignification
 Q - a potion of magic
 U - a potion of mutation


   Skills:
 + Level 7.4 Fighting
 - Level 5.6 Armour
 - Level 4.0 Dodging
 * Level 9.2 Unarmed Combat
 + Level 5.5 Invocations


You had 9 spell levels left.
You didn't know any spells.
Your spell library contained the following spells:

 Spells                   Type           Power      Damage    Failure   Level
 Necrotise                Necr           0%         1d4       47%         1
 Sandblast                Erth           0%         2d4       47%         1
 Passwall                 Tmut/Erth      0%         N/A       63%         2
 Stone Arrow              Conj/Erth      0%         3d7       85%         3
 Vampiric Draining        Necr           0%         2d6       85%         3
 Agony                    Necr           0%         N/A       100%        5


Dungeon Overview and Level Annotations

Branches:
Dungeon (9/15) Zot: 26986  Temple (1/1) D:6 Zot: 5855
   Lair: D:8-11         Orc: D:9-12

Altars:
Ashenzari
Dithmenos
Elyvilon
Fedhas
Gozag
Hepliaklqana
Kikubaaqudgha
Makhleb
Nemelex Xobeh
Okawaru
Ru
Sif Muna
Trog
Uskayaw
Wu Jian
Xom
Yredelemnul
Zin
The Shining One

Annotations:
D:7 2 transporters, andgoliath's ghost, novice HOMo
D:8 Amaemon
D:9 Erolcha


Innate Abilities, Weirdness & Mutations

You are completely covered in rugged brown scales. (AC +3, +7% HP)
Armour fits poorly on your strangely shaped body.
You have a long armoured tail.
You roll when moving toward enemies. (Rampage)
Your long tongue fully drains potion bottles. (2x potion effects)
Your tongue gives you trouble enunciating. (1.5x scroll delay)


Message History

The soul eater draws from the surrounding life force!
What are your orders? t - Shout!
Orders for allies: a - Attack new target. r - Retreat! s - Stop attacking. g - Guard the area. f - Follow me.
Anything else - Cancel.
Okay, then.
Unknown command.
You start to feel less resistant.
A large abomination comes into view.
You roll towards the large abomination!
A great orb of eyes comes into view.
The large abomination hits you!!
The great orb of eyes turns its gaze towards you.
You punch the large abomination!
The large abomination is moderately damaged.
The large abomination hits you!!
* * * LOW HITPOINT WARNING * * *
You are healed.
The large abomination barely misses you.
Press: ? - help, Dir - move target, f - large abomination Heal: a large abomination (moderately damaged, haloed, mindless) Unknown command.
You barely miss the large abomination.
The large abomination is moderately damaged.
Your resistance to elements expires.
The large abomination hits you!
You hit the large abomination but do no damage.
You tail-slap the large abomination.
The large abomination is moderately damaged.
The large abomination misses you.
You punch the large abomination!
The large abomination is heavily damaged.
You punch the large abomination!
The large abomination is severely damaged.
The large abomination hits you!!
* * * LOW HITPOINT WARNING * * *
You are healed.
The large abomination hits you!!
You die...

. #. . . ##
.. #G #.#
#.#. ..##
#...####
...# ##X#.#
...
#@#.###.#
#.##.....#
#.##.#.. .#
..#
###.#..##
..# #
##3#.# ....
##..##....#
... #..
#...## ..#
# #. . # #
..
#.#...####


You could see a large abomination.

Vanquished Creatures
  2 worldbinders (Abyss:2)
  6 yaks (D:8)
  2 steam dragons
  3 water moccasins
  3 ice beasts
  A sky beast (D:7)
  A black bear (D:7)
  A phantom (D:4)
  A kobold brigand (D:7)
  A gnoll sergeant (D:8)
  4 bullfrogs
  A scorpion (D:4)
  3 wights (D:8)
  7 killer bees (D:7)
  2 electric eels (D:6)
  4 jellies
  4 hounds
  An orc priest (D:4)
  A gnoll bouda (D:8)
  3 iguanas
  A sleepcap (D:4)
  3 orc wizards
  12 gnolls
  4 adders
  A shadow imp (D:5)
  4 white imps
  An ufetubus (Abyss:2)
  A worm (D:2)
  A dart slug (D:2)
  25 orcs
  7 ball pythons
  9 endoplasms
  A giant cockroach (D:2)
  7 goblins
  13 hobgoblins
  4 jackals (D:1)
  9 kobolds
  3 quokkas
  8 bats
  5 frilled lizards
  7 rats
177 creatures vanquished.

Vanquished Creatures (others)
  A plant (Abyss:2)
  8 starspawn tentacles (Abyss:2)
  10 withered plants (D:5)
19 creatures vanquished.

Grand Total: 196 creatures vanquished

Notes
Turn   | Place    | Note
-------+----------+-------------------------------------------
     0 | D:1      | Twinkles the Armataur Monk began the quest for the Orb.
     0 | D:1      | Reached XP level 1. HP: 19/19 MP: 1/1
    72 | D:1      | Reached skill level 1 in Armour
    74 | D:1      | Reached XP level 2. HP: 23/26 MP: 2/2
   224 | D:1      | Reached skill level 3 in Unarmed Combat
   446 | D:1      | Reached XP level 3. HP: 31/33 MP: 3/3
   839 | D:2      | You fall into a shaft and drop 1 floor!
  1061 | D:2      | Found a faded altar of an unknown god.
  1511 | D:3      | Upgraded the game from 0.30-a0-1123-gabc949cf19 to
                  | 0.30-a0-1124-g6e8f0f562f
  1557 | D:3      | Reached XP level 4. HP: 40/40 MP: 4/4
  1725 | D:3      | Found a shadowy altar of Dithmenos.
  1759 | D:3      | Found a basalt altar of Yredelemnul.
  2321 | D:4      | Noticed a scorpion
  2330 | D:4      | Killed a scorpion
  2331 | D:4      | Reached XP level 5. HP: 35/49 MP: 5/5
  2443 | D:4      | Noticed a phantom
  2449 | D:4      | Killed a phantom
  2450 | D:4      | Reached skill level 4 in Unarmed Combat
  2734 | D:4      | Reached XP level 6. HP: 55/55 MP: 6/6
  2738 | D:4      | Found a shimmering altar of Xom.
  3449 | D:5      | Entered Level 5 of the Dungeon
  3529 | D:5      | Noticed a water moccasin
  4044 | D:5      | Reached XP level 7. HP: 60/64 MP: 7/7
  4238 | D:5      | Reached skill level 5 in Armour
  4490 | D:5      | Found an ancient bone altar of Kikubaaqudgha.
  4596 | D:5      | Reached skill level 5 in Fighting
  4662 | D:5      | Reached skill level 5 in Unarmed Combat
  4779 | D:6      | Found a hide-covered altar of Uskayaw.
  4943 | D:6      | Found a staircase to the Ecumenical Temple.
  4949 | Temple   | Entered the Ecumenical Temple
  5077 | Temple   | Became a worshipper of Elyvilon the Healer
  5077 | Temple   | Reached * piety under Elyvilon
  5077 | Temple   | Reached ** piety under Elyvilon
  5299 | D:6      | Reached skill level 1 in Invocations
  5396 | D:6      | Found a sacrificial altar of Ru.
  5425 | D:6      | Found a broken altar of Ashenzari.
  6048 | D:6      | Found an ornate altar of the Wu Jian Council.
  6057 | D:6      | Reached XP level 8. HP: 58/73 MP: 7/9
  6250 | D:7      | Reached skill level 6 in Unarmed Combat
  6331 | D:7      | Found a glowing silver altar of Zin.
  6463 | D:7      | Reached *** piety under Elyvilon
  6737 | D:7      | Found a burning altar of Makhleb.
  6853 | D:7      | Found a transporter.
  6853 | D:7      | Noticed andgoliath's ghost (novice HOMo)
  6854 | D:7      | Found a transporter.
  6854 | D:7      | Noticed a two-headed ogre
  6930 | D:7      | Reached skill level 7 in Unarmed Combat
  6963 | D:7      | Reached XP level 9. HP: 70/80 MP: 11/11
  6964 | D:7      | Identified the +1 robe of the Gloaming {rC- Will+ Str+4
                  | Archmagi}
  7241 | D:8      | Found a bloodstained altar of Trog.
  7242 | D:8      | Noticed an orange demon
  7343 | D:8      | Found a shimmering blue altar of Sif Muna.
  7418 | D:8      | Reached skill level 8 in Unarmed Combat
  7794 | D:8      | Reached skill level 5 in Invocations
  7997 | D:8      | Noticed Amaemon
  8037 | D:9      | Noticed Erolcha
  8038 | Abyss:2  | Cast into level 2 of the Abyss (Erolcha)
  8040 | Abyss:2  | Reached **** piety under Elyvilon
  8076 | Abyss:2  | Noticed a smoke demon
  8089 | Abyss:2  | Noticed a glowing orange brain
  8092 | Abyss:2  | Noticed a tentacled starspawn
  8099 | Abyss:2  | HP: 23/79 [tentacled starspawn (19)]
  8102 | Abyss:2  | Noticed a thrashing horror
  8110 | Abyss:2  | Noticed a tyrant leech
  8113 | Abyss:2  | Noticed a boulder beetle
  8124 | Abyss:2  | HP: 10/84 [boulder beetle (19)]
  8126 | Abyss:2  | Noticed a tentacled starspawn
  8132 | Abyss:2  | Noticed a thrashing horror
  8158 | Abyss:2  | Noticed a bone dragon
  8172 | Abyss:2  | Noticed a thrashing horror
  8174 | Abyss:2  | Noticed a balrug
  8175 | Abyss:2  | Noticed a tentacled starspawn
  8180 | Abyss:2  | Found a corrupted altar of Lugonu.
  8182 | Abyss:2  | HP: 12/84 [tentacled starspawn (33)]
  8182 | Abyss:2  | HP: 5/84 [tentacled starspawn (7)]
  8221 | Abyss:2  | Noticed a worldbinder
  8223 | Abyss:2  | Noticed a brown very ugly thing
  8223 | Abyss:2  | Noticed a cyan very ugly thing
  8224 | Abyss:2  | Noticed an ironbound thunderhulk
  8224 | Abyss:2  | Noticed a white very ugly thing
  8242 | Abyss:2  | Killed a worldbinder
  8243 | Abyss:2  | Reached skill level 9 in Unarmed Combat
  8243 | Abyss:2  | Reached XP level 10. HP: 85/92 MP: 8/13
  8243 | Abyss:2  | Noticed a rakshasa
  8276 | Abyss:2  | Noticed a soul eater
  8277 | Abyss:2  | Noticed a worldbinder
  8285 | Abyss:2  | Noticed a vault sentinel
  8285 | Abyss:2  | Noticed a white very ugly thing
  8285 | Abyss:2  | Killed a worldbinder
  8301 | Abyss:2  | Noticed a large abomination
  8302 | Abyss:2  | Noticed a great orb of eyes
  8303 | Abyss:2  | HP: 18/92 [large abomination (23)]
  8309 | Abyss:2  | HP: 6/92 [large abomination (30)]
  8310 | Abyss:2  | Slain by a large abomination

Illustrated notes

Levels and vault maps discovered:
D:1:      onia_arrival_mini_spirals, layout_rooms
D:2:      layout_loops_ring, ebering_ecumenical_altar_petrified
D:3:      layout_rooms, mainiacjoe_overflow_two_lobes
D:4:      layout_layer_cave, overflow_temple_1_default
D:5:      layout_cave_pools, kiku_gazebo_garden_becter
D:6:      layout_gridville, mainiacjoe_overflow_surrounded_room,
          nicolae_wu_jian_immortal_techniques, cheibrodos_ashenzari_chains,
          old_standard_altar, temple_statues, kennysheep_big_empty_room,
          minmay_misc_feat_plants
D:7:      layout_loops_ring, amcnicky_altar_gilded, lemuel_doored_altar,
          gammafunk_ghost_smash
D:8:      layout_basic, mainiacjoe_overflow_paths,
          nicolae_overflow_hidden_temple, uniq_amaemon
D:9:      layout_loops_ring, lemuel_tele_altar, cheibriados_altar_1,
          jiyva_altar_1, uniq_maurice, uniq_erolcha, uniq_erica
Temple:   hellmonk_temple_beads
Abyss:2:  base: D:4, abyss_greek_temple, abyss_greek_temple,
          hangedman_stitches_earthworm, evilmike_abyss_exit_13,
          evilmike_abyss_exit_vortex, hangedman_abyss_mock_shop,
          hangedman_decor_points

Skill      XL: |  1  2  3  4  5  6  7  8  9 |
---------------+----------------------------+-----
Armour         | 1 2 3 4 5 |  5.6
Fighting       | 3 4 5 6 7 |  7.4
Unarmed Combat | 3 4 5 7 9 |  9.2
Invocations    | 1 3 5 |  5.5
Dodging        | 3 4 |  4.0

Action                     |  1- 3 |  4- 6 |  7- 9 | 10-12 || total
---------------------------+-------+-------+-------+-------++-------
  Melee: Unarmed           |   131 |   156 |   318 |     8 ||   613
         Tailslap          |    23 |    27 |    60 |     3 ||   113
 Invoke: Purification      |       |       |     2 |       ||     2
         Heal Self         |       |       |    10 |     3 ||    13
         Heal Other        |       |       |     1 |       ||     1
    Use: Scroll            |       |       |    12 |       ||    12
         Potion            |       |       |     4 |       ||     4
   Stab: Distracted        |       |       |       |     1 ||     1
 Armour: Robe              |    13 |       |       |       ||    13
         Ring mail         |    31 |    64 |   145 |       ||   240
  Dodge: Dodged            |    61 |    67 |   187 |     3 ||   318

Table legend: (Time is in decaauts)
 A = Elapsed time spent in this place.
 B = Non-inter-level travel time spent in this place.
 C = Inter-level travel time spent in this place.
 D = Time resting spent in this place.
 E = Time spent auto-exploring this place.
 F = Levels seen in this place.
 G = Mean time per level.
                   A        B        C        D        E       F      G
               +--------+--------+--------+--------+--------+-----+--------+
         Total |   8244 |   7694 |    550 |    490 |   5361 |  11 |  749.5 |
       Dungeon |   7847 |   7311 |    536 |    487 |   5266 |   9 |  871.9 |
        Temple |    144 |    130 |     14 |      0 |     95 |   1 |  144.0 |
         Abyss |    252 |    252 |      0 |      3 |      0 |   1 |  252.0 |
               +--------+--------+--------+--------+--------+-----+--------+

Top non-repeatable levels by time:
     D:4: 1641 daAuts
     D:6: 1227 daAuts
     D:7: 1076 daAuts
     D:5: 1032 daAuts
     D:2: 856 daAuts
     D:8: 766 daAuts
     D:3: 654 daAuts
     D:1: 579 daAuts
 Abyss:2: 252 daAuts
  Temple: 144 daAuts
     D:9: 12 daAuts
